 Dungeon Crawl Stone Soup version 0.27-a0-249-g74f53ef629 (webtiles) character file.

Game seed: 12473907604154964352

51 sahdkjhfkaj the Ducker (level 3, -1/28 HPs)
             Began as a Merfolk Necromancer on Feb 3, 2021.
             Killed by divine providence
             ... invoked by an orc priest
              (16 damage)
             ... on level 2 of the Dungeon.
             The game lasted 00:03:30 (2620 turns).

sahdkjhfkaj the Ducker (Merfolk Necromancer)        Turns: 2620, Time: 00:03:31

Health: -1/28      AC:  2    Str:  9    XL:     3   Next: 83%
Magic:  2/6        EV: 14    Int: 14    God:
Gold:   89         SH:  0    Dex: 14    Spells: 5/6 levels left

rFire    . . .     SeeInvis .   (no weapon)
rCold    . . .     Faith    .   (no shield)
rNeg     . . .     Spirit   .   a - +0 robe
rPois    .         Reflect  .   (no helmet)
rElec    .         Harm     .   (no cloak)
rCorr    .         Rampage  .   (no gloves)
Will     .....                  (no boots)
Stlth    ++........             (no amulet)
HPRegen  0.09/turn              (no ring)
MPRegen  0.10/turn              (no ring)

@: very slightly contaminated
A: change form in water, swift swim, stealthy swim
a: no special abilities


You were on level 2 of the Dungeon.
You visited 1 branch of the dungeon, and saw 3 of its levels.

You collected 89 gold pieces.

Inventory:

Armour
 a - a +0 robe (worn)
Scrolls
 b - 3 scrolls of remove curse
 d - 2 scrolls of identify {unknown}
 e - 2 scrolls of fear {unknown}
Potions
 c - a potion of might {unknown}
 f - a potion of attraction {unknown}


   Skills:
 + Level 2.4 Fighting
 + Level 4.2 Dodging
 - Level 2.1 Stealth
 - Level 2.0 Spellcasting
 - Level 3.2 Necromancy


You had 5 spell levels left.
You knew the following spells:

 Your Spells              Type           Power        Failure   Level
a - Pain                  Necr           40%          6%          1

Your spell library contained the following spells:

 Spells                   Type           Power        Failure   Level
 Animate Skeleton         Necr           20%          6%          1
 Vampiric Draining        Necr           5%           19%         3
 Animate Dead             Necr           5%           52%         4
 Agony                    Necr           10%          86%         5


Dungeon Overview and Level Annotations

Branches:
Dungeon (3/15)

Altars:


Message History

Orders for allies: a - Attack new target. r - Retreat! s - Stop attacking. g - Guard the area. f - Follow me.
Anything else - Cancel.
You shout for attention!
The orc priest shouts!
You start waiting.
An orc priest is nearby!
The orc priest resists with significant effort.
You miscast Pain.
You are very lightly contaminated with residual magic.
Nothing appears to happen.
The orc priest mumbles some strange prayers to Beogh against you.
Beogh smites you!
The orc priest writhes in agony.
The orc priest miscasts a cantrip.
The orc priest resists with significant effort.
The orc priest invokes the aid of Beogh against you.
Beogh smites you!
Ouch! That really hurt!
You die...

#.#.# #.#♣...≈≈≈≈.≈.........#
#.#.# #.#♣.P≈≈≈≈♣♣P..P...####
#.#.## #.♣....≈♣≈♣o...#.###
#....#####.....≈.P..P###.####
#..#.........P..P..P## #....#
##...#########..##..# ####.#
##.##########.o##.## #.#
#.............#..# #.#
############..@.## #.#
#........## #.# #.####...#
#.# #.# ##.## #.#
#########.#####.# ##.##
#...............# ####...####
#.#######.#####.# #..........
#.# #.>...#.# #.##...#### #.#
#####.#.# ####.###.## #


You could see an orc priest.

Vanquished Creatures
  An ooze (D:1)
  A dart slug (D:1)
  A leopard gecko (D:1)
  3 bats
  3 giant cockroaches (D:1)
  7 goblins (D:1)
  6 hobgoblins
  2 jackals (D:3)
  8 kobolds
  3 frilled lizards (D:1)
  5 rats
40 creatures vanquished.

Vanquished Creatures (others)
  13 plants
13 creatures vanquished.

Grand Total: 53 creatures vanquished

Notes
Turn   | Place    | Note
-------+----------+-------------------------------------------
     0 | D:1      | sahdkjhfkaj the Merfolk Necromancer began the quest for the
                  | Orb.
     0 | D:1      | Reached XP level 1. HP: 13/13 MP: 3/3
   172 | D:1      | Reached skill level 3 in Dodging
   178 | D:1      | Reached skill level 1 in Fighting
   269 | D:1      | Reached XP level 2. HP: 18/21 MP: 1/5
   862 | D:1      | Reached XP level 3. HP: 25/27 MP: 3/6
  1204 | D:1      | Reached skill level 4 in Dodging
  1879 | D:2      | You fall into a shaft and drop 1 floor!
  2620 | D:2      | Killed from afar by an orc priest

Illustrated notes

Levels and vault maps discovered:
D:1:      nzn_arrival_water_spiral, layout_basic, serial_bayou_pond_b,
          minmay_domino_2
D:2:      layout_loops_ring, serial_bayou, serial_bayou_pond_a,
          serial_bayou_pond_a, serial_bayou_pond_e, serial_bayou_lake_a
D:3:      layout_basic, chequers_ecumenical_altar_island

Skill      XL: |  1  2  3 |
---------------+----------+-----
Dodging        | 3 4 |  4.2
Fighting       | 1 2 |  2.4
Stealth        | |  2.1
Spellcasting   | |  2.0
Necromancy     | |  3.2

Action                   || total
-------------------------++-------
Melee: Unarmed           ||    15
 Cast: Pain              ||    89
  Use: Scroll            ||     4
Armor: Robe              ||     4
Dodge: Dodged            ||    45

Table legend: (Time is in decaauts)
 A = Elapsed time spent in this place.
 B = Non-inter-level travel time spent in this place.
 C = Inter-level travel time spent in this place.
 D = Time resting spent in this place.
 E = Time spent auto-exploring this place.
 F = Levels seen in this place.
 G = Mean time per level.
                   A        B        C        D        E       F      G
               +--------+--------+--------+--------+--------+-----+--------+
         Total |   2560 |   2489 |     71 |    223 |   1890 |   3 |  853.3 |
       Dungeon |   2560 |   2489 |     71 |    223 |   1890 |   3 |  853.3 |
               +--------+--------+--------+--------+--------+-----+--------+

Top non-repeatable levels by time:
     D:1: 1715 daAuts
     D:2: 799 daAuts
     D:3: 44 daAuts
